 Dungeon Crawl Stone Soup version 0.29-a0-283-ga02f740833 (webtiles) character file.

Game seed: 13804203530566671026

23 Dabor the Skirmisher (level 3, -2/29 HPs)
             Began as a Formicid Abyssal Knight on Mar 13, 2022.
             Was a Believer of Lugonu.
             Slain by a gnoll
             ... wielding a +0 spear
              (9 damage)
             ... on level 2 of the Dungeon.
             The game lasted 00:02:09 (1174 turns).

Dabor the Skirmisher (Formicid Abyssal Knight)      Turns: 1174, Time: 00:02:09

Health: -2/29      AC:  3    Str: 19    XL:     3   Next: 12%
Magic:  4/4        EV: 11    Int:  9    God:    Lugonu [**....]
Gold:   49         SH:  0    Dex: 11    Spells: 2/2 levels left

rFire   . . .      SeeInvis +   a - +1 spear
rCold   . . .      Faith    .   (no shield)
rNeg    . . .      Spirit   .   b - +0 leather armour
rPois   .          Reflect  .   (helmet unavailable)
rElec   .          Harm     .   (no cloak)
rCorr   .          Rampage  .   (no gloves)
Will    .....                   (no boots)
Stlth   +.........              (no amulet)
HPRegen 0.09/turn               (no ring)
MPRegen 0.09/turn               (no ring)

@: no status effects
A: permanent stasis, dig shafts and tunnels, antennae 3, four strong arms
a: Dig, Shaft Self, Renounce Religion, Depart the Abyss, Bend Space


You were on level 2 of the Dungeon.
You worshipped Lugonu.
Lugonu was pleased with you.
You visited 1 branch of the dungeon, and saw 2 of its levels.
You visited the Abyss 1 time.

You collected 49 gold pieces.

Inventory:

Hand Weapons
 a - a +1 spear (weapon)
Missiles
 h - 4 javelins
Armour
 b - a +0 leather armour (worn)
Scrolls
 c - a scroll of noise {unknown}
 f - a scroll of acquirement {unknown}
 g - a scroll of magic mapping {unknown}
 i - a scroll of vulnerability {unknown}
Potions
 e - a potion of might
 j - a potion of berserk rage {unknown}


   Skills:
 + Level 3.5 Fighting
 + Level 2.3 Polearms
 + Level 2.5 Armour
 + Level 1.3 Dodging
 + Level 2.6 Invocations


You had 2 spell levels left.
You didn't know any spells.
Your spell library was empty.

Dungeon Overview and Level Annotations

Branches:
Dungeon (2/15)

Altars:

Shops:
D:1 ?


Innate Abilities, Weirdness & Mutations

You cannot be hasted, slowed, berserked, paralysed or teleported.
You can dig through walls and to a lower floor.
You have a pair of large antennae on your head. (SInv)
Your four strong arms can wield two-handed weapons with a shield.


Message History

No target in view!
No target in view!
You now have 49 gold pieces (gained 7).
A gnoll shaman comes into view. It is wielding a +0 whip.
A gnoll comes into view. It is wielding a +0 club.
The gnoll shouts!
A gnoll comes into view.
It is wielding a +2 whip of electrocution.
There are monsters nearby!
There are monsters nearby! 2 gnolls come into view.
The gnoll shouts! x3
The gnoll moves out of view.
There are monsters nearby!
You reach to attack!
You hit the gnoll shaman.
The gnoll shaman is lightly wounded.
You hit the gnoll shaman but do no damage.
The gnoll shaman is lightly wounded.
The gnoll shaman barely misses you.
The gnoll shaman calls upon its god to speed up the gnoll.
The gnoll seems to speed up.
The gnoll closely misses you.
The gnoll shaman calls upon its god to speed up the gnoll.
The gnoll seems to speed up.
The gnoll closely misses you.
The gnoll shaman calls upon its god to speed up the gnoll.
The gnoll seems to speed up.
The gnoll misses you. The gnoll hits you with a +0 club.
It was a potion of might.
You feel very mighty all of a sudden.
The gnoll hits you from afar with a +0 spear!
The gnoll hits you with a +0 club.
The gnoll hits you from afar with a +0 spear!
* * * LOW HITPOINT WARNING * * *
It was a potion of cancellation.
Your magical effects are unravelling.
You feel magically purged.
You feel a little less mighty now. The gnoll hits you with a +0 club.
* * * LOW HITPOINT WARNING * * *
The gnoll hits you from afar with a +0 spear!
You die...

### #### #.###..#
###########......#####.#
#.......@ggg............
#.#########g...........#
#########.#
...{......####..#
..........# ##.####...#
.# ......###.# { #.
#...# ......#.#.# #
...... ......#.#.# #
.#...##
......#.#.###.###
......#
................. ..
.....


You could see a gnoll shaman and 3 gnolls.

Vanquished Creatures
  5 endoplasms
  2 giant cockroaches (D:1)
  2 goblins (D:1)
  A hobgoblin (D:2)
  4 kobolds (D:1)
  A quokka (D:1)
  2 frilled lizards (D:1)
  4 rats (D:1)
21 creatures vanquished.

Notes
Turn   | Place    | Note
-------+----------+-------------------------------------------
     0 | Abyss:1  | Dabor the Formicid Abyssal Knight began the quest for the
                  | Orb.
     0 | Abyss:1  | Reached XP level 1. HP: 18/18 MP: 2/2
    25 | Abyss:1  | Noticed a flying skull
    26 | D:1      | Escaped the Abyss
   146 | D:1      | Reached skill level 1 in Dodging
   368 | D:1      | Reached XP level 2. HP: 17/24 MP: 3/3
   370 | D:1      | Reached ** piety under Lugonu
   897 | D:1      | Found Gutug's Magic Scroll Boutique.
   963 | D:1      | Reached XP level 3. HP: 29/29 MP: 4/4
  1174 | D:2      | Slain by a gnoll

Illustrated notes

Levels and vault maps discovered:
D:1:      elethiomel_arrival_maze, layout_rooms, serial_shops,
          nicolae_shop_behind_doors
D:2:      layout_basic, hellmonk_ecumenical_altar_arch_garden,
          nrook_loot_triangle

Skill      XL: |  1 |
---------------+----+-----
Dodging        | 1 |  1.3
Fighting       | |  3.5
Polearms       | |  2.3
Armour         | |  2.5
Invocations    | |  2.6

Action                   || total
-------------------------++-------
Melee: Spear             ||    59
Invok: Depart the Abyss  ||     1
  Use: Potion            ||     2
 Stab: Sleeping          ||     2
Armor: Leather armour    ||    14
Dodge: Dodged            ||    34

Table legend: (Time is in decaauts)
 A = Elapsed time spent in this place.
 B = Non-inter-level travel time spent in this place.
 C = Inter-level travel time spent in this place.
 D = Time resting spent in this place.
 E = Time spent auto-exploring this place.
 F = Levels seen in this place.
 G = Mean time per level.
                   A        B        C        D        E       F      G
               +--------+--------+--------+--------+--------+-----+--------+
         Total |   1172 |   1120 |     52 |    388 |    547 |   3 |  390.7 |
       Dungeon |   1146 |   1094 |     52 |    388 |    542 |   2 |  573.0 |
         Abyss |     26 |     26 |      0 |      0 |      5 |   1 |   26.0 |
               +--------+--------+--------+--------+--------+-----+--------+

Top non-repeatable levels by time:
     D:1: 1060 daAuts
     D:2: 86 daAuts
 Abyss:1: 26 daAuts
